 Dungeon Crawl Stone Soup version 0.30.1 (webtiles) character file.

Game seed: 3746736497409685357

67 safid the Chiller (level 4, 0/33 HPs)
             Began as a Merfolk Ice Elementalist on July 10, 2023.
             Slain by a jelly (2 damage)
             ... on level 4 of the Dungeon.
             The game lasted 00:04:04 (2275 turns).

safid the Chiller (Merfolk Ice Elementalist)        Turns: 2275, Time: 00:04:07

Health: 0/33       AC:  2    Str:  7    XL:     4   Next: 18%
Magic:  3/8        EV: 13    Int: 15    God:
Gold:   155        SH:  0    Dex: 18    Spells: 1/8 levels left

rFire   . . .        m - +0 long sword
rCold   . . .        (no shield)
rNeg    . . .        a - +0 robe
rPois   .            (no helmet)
rElec   +            (no cloak)
rCorr   .            (no gloves)
SInv    .            (no boots)
Will    .....        (no amulet)
Stlth   ++           (no ring)
HPRegen 0.25/turn    (no ring)
MPRegen 0.11/turn

%: no passive effects
@: freezing walls
A: (nimble swimmer 2), mertail, agile 1, electricity resistance
a: no special abilities


You were on level 4 of the Dungeon.
You visited 1 branch of the dungeon, and saw 4 of its levels.

You collected 155 gold pieces.

Inventory:

Hand Weapons
 m - a +0 long sword (weapon)
Armour
 a - a +0 robe (worn)
Wands
 o - a wand of polymorph (10)
Scrolls
 c - a scroll of blinking {unknown}
 d - 3 scrolls of identify {unknown}
 e - a scroll of noise {unknown}
 f - a scroll of amnesia {unknown}
 i - a scroll of summoning {unknown}
 n - a scroll of immolation {unknown}
Potions
 b - a potion of magic
 g - 2 potions of mutation
 h - 2 potions of curing {unknown}
 j - 2 potions of attraction {unknown}
 k - 2 potions of cancellation {unknown}
 l - 2 potions of lignification {unknown}


   Skills:
 + Level 2.1 Fighting
 - Level 2.6 Dodging
 - Level 2.1 Stealth
 + Level 2.8 Spellcasting
 + Level 5.0 Ice Magic


You had one spell level left.
You knew the following spells:

 Your Spells              Type           Power      Damage    Failure   Level
a - Freeze                Ice            68%        1d8       2%          1
b - Frozen Ramparts       Ice            34%        1d6       8%          3
c - Ozocubu's Armour      Ice            17%        N/A       8%          3

Your spell library contained the following spells:

 Spells                   Type           Power      Damage    Failure   Level
 Shock                    Conj/Air       8%         1d3       21%         1
 Swiftness                Air            2%         N/A       52%         3
 Summon Ice Beast         Ice/Summ       9%         N/A       58%         4
 Airstrike                Air            1%         2d(1-17)  90%         4
 Malign Gateway           Summ/Tloc      1%         N/A       100%        7
 Summon Horrible Things   Summ           1%         N/A       100%        8


Dungeon Overview and Level Annotations

Branches:
Dungeon (4/15)
 Temple: D:4-7

Altars:
Dithmenos


Innate Abilities, Weirdness & Mutations

((You are very nimble when in or above water. (Stealth+, EV+, Speed+++)))
Your lower body shifts to a powerful aquatic tail in water.
You are agile. (Dex +4, Str/Int -1)
You are resistant to electric shocks. (rElec)


Message History

Unknown command.
Casting: Frozen Ramparts (quite dangerous; 8% risk of failure)
Confirm with . or Enter, or press ? or * to list all spells.
The spell is quite dangerous to miscast (8% risk of failure)!
Continue anyway? [Y]es or [N]o only, please.
The spell is quite dangerous to miscast (8% risk of failure)!
Continue anyway?
Casting: Frozen Ramparts (quite dangerous; 8% risk of failure)
Press: ? - help, Dir - look around, f - activate The walls around you are covered in ice.
The wall freezes the jelly.
The wall freezes the sleepcap but does no damage.
The sleepcap barely misses you.
The wall freezes the orc but does no damage.
The orc barely misses you.
You hit the orc but do no damage. Your punch misses the orc.
The orc is severely wounded.
The wall freezes the jelly.
The jelly barely misses you.
The wall freezes the sleepcap but does no damage.
The sleepcap releases spores at you.
You are engulfed in a cloud of soporific spores!
You fall asleep.
The wall freezes the orc.
You kill the orc!
The wall freezes the ball python.
The ball python seems to slow down.
The wall freezes the ball python!
You kill the ball python!
The wall freezes the hobgoblin.
The wall freezes the quokka.
The wall freezes the jelly.
The jelly hits you.
You wake up.
* * * LOW HITPOINT WARNING * * *
You are splashed with acid.
* * * LOW HITPOINT WARNING * * *
The wall freezes the sleepcap.
The sleepcap closely misses you.
Unknown command.
It was a potion of mutation.
You feel extremely strange.
You feel clever.
You feel insulated.
You feel stupid.
You feel agile.
The wall freezes the goblin.
You kill the goblin!
The wall freezes the quokka.
The quokka misses you.
The wall freezes the jelly.
The jelly hits you.
You die...

#### .... .....
..... ######
......#....#
.....)#f#..#.##
.....†J@r......
......#<...#.##
..... #g##.#
.... #S# # ...
#.# .. ... .
##. . .#


You could see a sleepcap, a jelly, a quokka, a hobgoblin and a ball python.

Vanquished Creatures
  2 adders (D:2)
  6 orcs
  2 endoplasms
  2 giant cockroaches (D:3)
  4 goblins
  2 hobgoblins (D:1)
  2 kobolds (D:1)
  3 quokkas (D:1)
  5 ball pythons
  7 bats
  6 frilled lizards
  3 rats
44 creatures vanquished.

Notes
Turn   | Place    | Note
-------+----------+-------------------------------------------
     0 | D:1      | safid the Merfolk Ice Elementalist began the quest for the
                  | Orb.
     0 | D:1      | Reached XP level 1. HP: 13/13 MP: 3/3
   201 | D:1      | Reached XP level 2. HP: 20/20 MP: 1/5
   256 | D:1      | Reached skill level 1 in Fighting
   804 | D:2      | Reached XP level 3. HP: 19/26 MP: 2/6
  1242 | D:2      | Learned a level 3 spell: Frozen Ramparts
  1246 | D:2      | Learned a level 3 spell: Ozocubu's Armour
  1428 | D:2      | Found a shadowy altar of Dithmenos.
  1709 | D:3      | Reached skill level 5 in Ice Magic
  1709 | D:3      | Reached XP level 4. HP: 33/33 MP: 8/8
  1854 | D:3      | Found a faded altar of an unknown god.
  2275 | D:4      | Gained mutation: Your mind is acute. (Int +4, Str/Dex -1)
                  | [potion of mutation]
  2275 | D:4      | Gained mutation: You are resistant to electric shocks.
                  | (rElec) [potion of mutation]
  2275 | D:4      | Lost mutation: Your mind is acute. (Int +4, Str/Dex -1)
                  | [potion of mutation]
  2275 | D:4      | Gained mutation: You are agile. (Dex +4, Str/Int -1)
                  | [potion of mutation]
  2275 | D:4      | Slain by a jelly

Illustrated notes

Levels and vault maps discovered:
D:1:      dpeg_arrival_castle, layout_loops_ring
D:2:      layout_loops_cross, basic_altar, chequers_serial_rivers_small_a
D:3:      layout_basic, shapermc_ecumenical_altar_mp_vishouse,
          nicolae_concentric_dashed_squares_mild, due_unseen_surprise
D:4:      layout_basic, uniq_ijyb

Skill      XL: |  1  2  3 |
---------------+----------+-----
Fighting       | 1 2 |  2.1
Ice Magic      | 5 |  5.0
Dodging        | |  2.6
Stealth        | |  2.1
Spellcasting   | |  2.8

Action                     |  1- 3 |  4- 6 || total
---------------------------+-------+-------++-------
  Melee: Mace              |    32 |       ||    32
         Long sword        |     2 |     8 ||    10
   Cast: Freeze            |    39 |     4 ||    43
         Frozen Ramparts   |       |     2 ||     2
    Use: Potion            |       |     1 ||     1
   Stab: Sleeping          |     3 |     1 ||     4
 Armour: Robe              |    22 |     2 ||    24
  Dodge: Dodged            |    52 |    14 ||    66
